Map: Thunderbird LE

Players

liquidthermy (uThermal) - Winner!

  • Race: Terran Terran
  • Spawn Location: 5:00

MarineLorD

  • Race: Terran Terran
  • League: Master
  • Spawn Location: 11:00

Event: HomeStory Cup XX

VOD

Have the link to the VOD?

Description

Time

  • Played on: Nov. 22, 2019, 12:04 p.m.
  • Length: 17:43

All games in this series

Show
View Real Time Build Order
Export as new Build Order

liquidthermy Terran - Winner!

Build Orders: Reaper Expand, Mech 

Get SALT Encoding   

  12  0:02  SCV  
  13  0:14  SCV  
  14  0:19  Supply Depot  
  14  0:26  SCV  
  15  0:41  SCV  
  15  0:42  Barracks  
  16  0:44  Refinery  
  16  0:53  SCV  
  17  1:05  SCV  
  18  1:17  SCV  
  19  1:29  Orbital Command, Reaper  
  20  1:44  Command Center  
  20  1:55  SCV  
  20  1:57  Supply Depot  
  21  2:01  Reaper  
  21  2:07  SCV  
  23  2:09  Refinery  
  23  2:19  SCV  
  24  2:26  Factory  
  24  2:31  SCV  
  25  2:37  Barracks Reactor  
  25  2:43  SCV  
  26  2:56  SCV  
  26  2:57  Orbital Command  
  27  3:09  Command Center  
  27  3:10  SCV  
  28  3:14  Marine, Factory Tech Lab  
  28  3:15  Marine  
  30  3:24  SCV  
  31  3:29  SCV  
  31  3:32  Marine, Siege Tank  
  36  3:35  Marine  
  36  3:36  SCV  
  36  3:41  Refinery, SCV  
  39  3:48  SCV  
  39  3:50  Marine  
  39  3:53  Marine, SCV  
  42  3:58  Starport  
  42  4:00  SCV  
  43  4:05  Cyclone  
  46  4:13  Marine x2, SCV x2  
  50  4:22  Supply Depot, Orbital Command  
  50  4:23  Refinery  
  50  4:25  SCV x2  
  50  4:30  Marine x2  
  54  4:37  SCV x2  
  56  4:41  Raven  
  56  4:42  Factory Tech Lab  
  58  4:48  Marine x2  
  58  4:49  SCV x3  
  63  4:57  Orbital Command  
  63  5:01  SCV  
  63  5:02  Armory  
  63  5:03  Armory  
  63  5:04  Siege Tank  
  63  5:06  SCV  
  68  5:07  Marine  
  68  5:09  Marine  
  68  5:13  SCV  
  71  5:14  Supply Depot  
  71  5:18  SCV  
  72  5:22  SCV  
  72  5:25  SCV  
  72  5:26  Supply Depot  
  74  5:30  SCV  
  74  5:32  Viking  
  74  5:33  Supply Depot  
  77  5:35  Viking  
  77  5:36  SCV  
  77  5:38  SCV  
  77  5:39  Refinery  
  77  5:41  Refinery  
  77  5:42  SCV  
  82  5:44  Siege Tank  
  82  5:48  SCV  
  86  5:50  SCV  
  86  5:51  Supply Depot  
  86  5:52  Terran Vehicle Weapons Level 1  
  86  5:54  Terran Vehicle And Ship Armor Level 1  
  86  5:55  SCV  
  88  6:00  SCV  
  88  6:02  Viking, SCV  
  92  6:05  Viking  
  92  6:07  SCV  
  95  6:12  Supply Depot, SCV  
  95  6:14  SCV  
  95  6:16  Siege Tank  
  100  6:20  SCV  
  101  6:28  Factory x2, SCV  
  101  6:29  Supply Depot  
  101  6:30  SCV  
  101  6:31  Barracks Reactor  
  103  6:32  Viking  
  103  6:36  Viking  
  107  6:40  Supply Depot  
  107  6:41  SCV x2  
  107  6:44  SCV  
  110  6:48  Siege Tank  
  110  6:50  Engineering Bay  
  110  6:53  Supply Depot, SCV x2  
  115  6:56  SCV  
  116  7:02  Command Center  
  116  7:05  SCV  
  117  7:08  Viking  
  117  7:10  Viking  
  117  7:14  Siege Tank  
  124  7:17  SCV  
  124  7:20  Siege Tank  
  127  7:27  Sensor Tower  
  127  7:31  Missile Turret  
  127  7:33  Missile Turret  
  125  7:38  Viking  
  125  7:39  Viking  
  125  7:41  Command Center  
  125  7:43  Hellion x2  
  133  7:46  Siege Tank  
  133  7:47  Supply Depot  
  133  7:50  Terran Vehicle And Ship Armor Level 2, Terran Vehicle Weapons Level 2  
  134  7:53  SCV x3  
  137  8:03  Hellion  
  137  8:06  Refinery, SCV  
  137  8:08  Viking, Sensor Tower  
  137  8:09  Viking  
  137  8:10  Hellion  
  137  8:11  Refinery  
  137  8:12  Supply Depot  
  141  8:15  Hellion  
  141  8:19  SCV  
  143  8:27  Siege Tank  
  145  8:32  SCV  
  145  8:33  Planetary Fortress  
  146  8:36  Supply Depot  
  146  8:37  Siege Tank, Mag-Field Accelerator  
  146  8:38  Hellion x2, SCV  
  146  8:39  SCV  
  146  8:41  Viking  
  157  8:42  Viking  
  159  8:53  Supply Depot  
  159  8:55  Supply Depot, Orbital Command  
  159  8:56  SCV x2  
  159  9:01  Supply Depot  
  161  9:04  Hellion  
  172  9:13  Cyclone  
  172  9:14  Factory x2, Cyclone  
  169  9:18  Viking x2  
  169  9:20  Command Center  
  173  9:29  Command Center  
  173  9:30  Hellion x2  
  177  9:35  SCV  
  178  9:38  Missile Turret  
  178  9:40  Infernal Pre-Igniter  
  178  9:45  Command Center  
  178  9:48  Viking x2  
  182  9:52  Starport  
  182  9:53  Fusion Core  
  182  9:54  Starport  
  182  10:01  Factory Tech Lab, Factory Reactor, Cyclone x2  
  182  10:04  Hellion x2  
  192  10:10  Terran Ship Weapons Level 1, Terran Vehicle And Ship Armor Level 3  
  192  10:23  Starport x2, Viking  
  192  10:27  Viking  
  194  10:31  Starport Tech Lab, Starport Reactor  
  193  10:36  SCV  
  193  10:37  SCV  
  193  10:39  SCV  
  194  10:43  Refinery x2, Cyclone x2  
  194  10:45  SCV  
  200  11:00  Orbital Command  
  200  11:06  SCV  
  200  11:09  SCV  
  185  11:16  Thor x2  
  185  11:18  Starport Reactor  
  188  11:19  Advanced Ballistics  
  188  11:20  Hellion x6, Viking x6  
  188  11:24  Hellion  
  199  11:26  SCV  
  199  11:32  Planetary Fortress  
  200  11:38  Sensor Tower  
  200  11:40  Refinery  
  200  12:02  Liberator  
  200  12:13  Command Center x2  
  200  12:15  Command Center  
  190  12:18  Cyclone  
  190  12:19  Cyclone  
  190  12:20  Starport Reactor  
  190  12:21  Terran Ship Weapons Level 2  
  199  12:29  Sensor Tower  
  198  12:30  Command Center  
  198  12:41  Thor  
  198  12:47  Terran Vehicle Weapons Level 3  
  198  12:57  Corvid Reactor  
  198  12:58  Liberator x2  
  194  13:18  Command Center  
  194  13:27  Cyclone  
  194  13:28  Thor x2  
  194  13:31  Cyclone  
  194  13:33  Cyclone  
  200  13:49  Liberator x2  
  200  13:50  Liberator  
  200  13:51  Liberator  
  198  14:01  Cyclone  
  176  14:03  Cyclone  
  176  14:06  Cyclone  
  188  14:12  Viking x2, Orbital Command x2  
  188  14:13  Orbital Command  
  190  14:21  Viking  
  183  14:30  Liberator x2  
  180  14:33  Cyclone  
  183  14:39  Neosteel Armor  
  183  14:49  Missile Turret x2, Cyclone x2  
  183  14:52  Missile Turret  
  176  15:05  Cyclone  
  166  15:08  Viking x2  
  166  15:10  Hellion x2  
  166  15:12  Orbital Command  
  166  15:14  Hellion  
  162  15:15  Viking  
  165  15:21  Cyclone x2  
  165  15:25  Hellion  
  163  15:32  Hellion x2  
  163  15:35  Viking  
  169  15:37  Cyclone  
  160  15:44  Hellion  
  162  15:53  Hellion, Viking, Cyclone x2  
  172  15:58  Viking  
  174  16:06  Hellion  
  174  16:09  Viking, Cyclone  
  173  16:12  Hellion  
  171  16:19  Hi-Sec Auto Tracking, Hellion  
  171  16:22  Viking  
  171  16:25  Cyclone x2  
  178  16:26  Hellion  
  178  16:32  Hellion  
  183  16:34  Viking  
  185  16:41  Cyclone  
  185  16:42  Hellion  
  185  16:45  Viking  
  190  16:51  Viking  
  190  16:52  Missile Turret  
  189  16:57  Cyclone x2  
  189  16:58  Missile Turret  
  189  17:00  Orbital Command  
  195  17:07  Hellion  
  197  17:09  Hellion  
  199  17:20  Hellion  
  199  17:21  Hellion  
  199  17:22  Refinery  
  187  17:42  Missile Turret  
Show
View Real Time Build Order
Export as new Build Order

MarineLorD Terran 

Build Orders: Gas First Reaper Expand, Mech 

Get SALT Encoding   

  12  0:00  SCV  
  13  0:13  SCV  
  14  0:17  Supply Depot  
  14  0:25  SCV  
  15  0:29  Refinery  
  15  0:38  SCV  
  16  0:43  Barracks  
  16  0:50  SCV  
  17  1:02  SCV  
  18  1:14  SCV  
  19  1:29  Orbital Command  
  19  1:30  Reaper  
  20  1:46  Command Center  
  20  1:56  SCV  
  20  2:00  Factory  
  21  2:05  Barracks Reactor  
  22  2:08  SCV  
  22  2:11  Supply Depot  
  22  2:17  Refinery  
  22  2:20  SCV  
  23  2:33  SCV  
  24  2:42  Marine x2  
  26  2:44  Starport  
  26  2:45  SCV  
  26  2:47  Widow Mine  
  29  2:57  SCV  
  30  3:00  Marine x2  
  31  3:05  Orbital Command  
  31  3:11  SCV  
  31  3:18  Marine x2  
  33  3:25  Factory Tech Lab  
  33  3:26  Starport Tech Lab  
  33  3:31  SCV  
  34  3:35  SCV  
  34  3:37  Refinery  
  35  3:43  SCV  
  35  3:47  SCV, Raven  
  39  3:50  Marine x2  
  39  3:55  Supply Depot, SCV  
  42  3:59  SCV  
  42  4:02  Supply Depot  
  43  4:03  Siege Tank  
  46  4:17  SCV x2  
  46  4:21  Command Center  
  48  4:29  SCV  
  48  4:30  SCV, Raven  
  52  4:33  Marine x2  
  54  4:39  Siege Tank  
  54  4:41  SCV  
  54  4:42  SCV  
  59  4:52  Supply Depot x2  
  59  4:53  SCV  
  59  4:54  SCV  
  61  5:05  SCV  
  62  5:13  Siege Tank, SCV  
  66  5:15  Supply Depot  
  66  5:17  SCV  
  67  5:22  Refinery, Viking x2  
  67  5:23  Marine  
  67  5:26  SCV  
  73  5:30  SCV  
  73  5:33  Orbital Command  
  74  5:38  Supply Depot, SCV  
  74  5:42  SCV  
  76  5:46  Marine, Siege Tank  
  80  5:50  SCV  
  80  5:54  SCV  
  82  6:00  SCV  
  82  6:01  Command Center  
  82  6:02  SCV  
  82  6:04  Viking  
  86  6:05  Viking  
  86  6:06  SCV  
  89  6:12  SCV  
  89  6:14  Refinery, SCV  
  89  6:15  Refinery  
  89  6:18  Siege Tank, SCV  
  95  6:24  SCV  
  96  6:26  SCV  
  96  6:29  Armory x2  
  96  6:30  SCV  
  98  6:36  SCV  
  98  6:37  Viking  
  98  6:38  Viking, SCV  
  104  6:44  Supply Depot  
  104  6:45  Supply Depot, SCV  
  105  6:48  SCV  
  105  6:50  SCV  
  107  6:57  SCV  
  107  7:00  SCV  
  108  7:06  Siege Tank  
  108  7:07  Factory, Barracks Reactor  
  108  7:08  SCV  
  112  7:09  Factory, SCV  
  112  7:11  Viking  
  112  7:13  Viking, SCV  
  112  7:15  Orbital Command  
  118  7:20  SCV  
  118  7:23  Terran Vehicle And Ship Armor Level 1, Terran Vehicle Weapons Level 1  
  118  7:25  SCV x2  
  120  7:32  SCV  
  120  7:36  Orbital Command  
  120  7:37  Refinery, SCV x2  
  122  7:41  Viking  
  122  7:42  Siege Tank  
  122  7:43  Viking  
  128  7:44  SCV  
  128  7:49  SCV x2  
  131  7:52  Supply Depot  
  131  7:53  Supply Depot  
  131  7:56  Supply Depot, SCV  
  132  7:59  Siege Tank  
  132  8:01  SCV x2  
  132  8:03  SCV  
  132  8:04  Factory  
  138  8:05  Factory  
  138  8:08  SCV  
  138  8:13  SCV x2  
  138  8:15  Refinery  
  138  8:17  Supply Depot, Engineering Bay  
  138  8:18  Viking  
  138  8:19  Viking  
  144  8:22  SCV  
  144  8:23  SCV  
  146  8:28  Siege Tank  
  146  8:30  SCV x2  
  146  8:31  Siege Tank  
  150  8:34  Supply Depot  
  150  8:35  SCV  
  150  8:36  SCV  
  152  8:42  SCV x2  
  152  8:43  Supply Depot x2  
  152  8:45  Hellion x2  
  152  8:47  SCV  
  157  8:48  SCV  
  157  8:52  Viking x2  
  157  8:54  Factory Tech Lab, Factory Reactor, SCV  
  157  8:55  SCV  
  164  8:57  Command Center  
  164  9:03  Sensor Tower, Missile Turret  
  164  9:09  Thor x2  
  176  9:17  SCV x3  
  176  9:18  Supply Depot, SCV  
  176  9:19  Terran Vehicle Weapons Level 2  
  176  9:20  Terran Vehicle And Ship Armor Level 2  
  180  9:24  Viking x2  
  184  9:32  Command Center  
  184  9:36  Infernal Pre-Igniter  
  184  9:37  Smart Servos  
  180  9:50  Hellion x3, Siege Tank  
  180  9:51  Hellion  
  191  9:52  Siege Tank  
  194  10:03  Command Center  
  194  10:05  Command Center  
  194  10:16  Viking x2  
  198  10:23  Refinery x2  
  198  10:24  Starport  
  198  10:25  Starport  
  198  10:26  Starport  
  198  10:32  Missile Turret  
  196  10:35  Planetary Fortress, Missile Turret  
  196  10:37  Missile Turret  
  196  10:46  Viking x2  
  200  10:55  Missile Turret  
  197  11:00  Sensor Tower  
  197  11:02  Starport Tech Lab x2  
  197  11:03  Starport Tech Lab, Fusion Core  
  193  11:18  Missile Turret  
  183  11:26  Command Center  
  183  11:27  Command Center  
  183  11:28  Viking x2, Command Center  
  183  11:31  Orbital Command  
  187  11:35  Command Center  
  187  11:36  Terran Ship Weapons Level 1, Orbital Command x2  
  187  11:40  Command Center x2  
  187  11:42  Terran Vehicle And Ship Armor Level 3  
  187  11:47  Missile Turret  
  187  11:51  Weapon Refit  
  187  11:53  Battlecruiser x2  
  195  12:12  Missile Turret  
  195  12:19  Command Center  
  195  12:31  Starport  
  195  12:33  Starport  
  192  12:41  Orbital Command  
  189  12:45  Battlecruiser  
  195  12:54  Sensor Tower  
  195  13:01  Orbital Command x2  
  195  13:02  Orbital Command  
  195  13:06  Siege Tank  
  194  13:30  Siege Tank x2, Terran Vehicle Weapons Level 3  
  194  13:32  Viking  
  199  13:36  Orbital Command  
  199  13:37  Missile Turret  
  199  13:46  Planetary Fortress  
  178  14:04  Battlecruiser x2  
  178  14:07  Siege Tank x3  
  178  14:09  Hellion x2  
  200  14:30  Battlecruiser  
  200  14:39  Terran Ship Weapons Level 2  
  200  14:46  Refinery  
  190  15:02  Viking x2  
  191  15:08  Viking x2  
  175  15:32  Hellbat x2, Viking x2  
  175  15:33  Hellbat x2, Siege Tank x3  
  175  15:35  Battlecruiser  
  187  15:38  Battlecruiser  
  193  15:46  Viking, Missile Turret  
  193  15:47  Starport Reactor, Missile Turret  
  193  15:48  Starport Reactor  
  186  16:02  Viking x2  
  184  16:05  Siege Tank x2  
  186  16:14  Refinery  
  186  16:15  Refinery  
  186  16:16  Viking  
  182  16:22  Orbital Command  
  176  16:28  Orbital Command  
  176  16:32  Viking x2  
  177  16:33  Viking x2  
  177  16:39  Viking  
  183  16:42  Viking  
  183  16:43  Viking x2  
  183  16:46  Viking  
  191  16:57  Command Center  
  191  17:01  Viking  
  191  17:02  Viking, Sensor Tower  
  191  17:03  Viking x2  
  197  17:13  Viking  
Tags
 
Add a new tag
Caveats
  • Supply blocks, unpowered buildings, or Contaminate may cause inaccurate times.
  • Supply counts are checked every 10 seconds.